 Dungeon Crawl Stone Soup version 0.29-a0-993-g4a18f31a58 (webtiles) character file.

Game seed: 793476623335480152

8 RevDB the Firebug (level 2, 14/15 HPs)
             Began as a Deep Elf Fire Elementalist on Aug 2, 2022.
             Quit the game on level 1 of the Dungeon.
             The game lasted 00:01:29 (85 turns).

RevDB the Firebug (Deep Elf Fire Elementalist)        Turns: 85, Time: 00:01:30

Health: 14/15      AC:  2    Str:  5    XL:     2   Next: 0%
Magic:  8/8        EV: 12    Int: 19    God:
Gold:   14         SH:  0    Dex: 15    Spells: 6/7 levels left

rFire   . . .      SeeInvis .   c - +0 short sword
rCold   . . .      Faith    .   (no shield)
rNeg    . . .      Spirit   .   a - +0 robe
rPois   .          Reflect  .   (no helmet)
rElec   .          Harm     .   (no cloak)
rCorr   .          Rampage  .   (no gloves)
Will    .....                   (no boots)
Stlth   ++........              (no amulet)
HPRegen 0.05/turn               (no ring)
MPRegen 0.11/turn               (no ring)

@: no status effects
A: no striking features
a: no special abilities


You were on level 1 of the Dungeon.
You visited 1 branch of the dungeon, and saw 1 of its levels.

You collected 14 gold pieces.

Inventory:

Hand Weapons
 c - a +0 short sword (weapon)
Armour
 a - a +0 robe (worn)


   Skills:
 + Level 2.6 Dodging
 + Level 2.7 Stealth
 + Level 3.2 Spellcasting
 + Level 1.3 Conjurations
 + Level 3.4 Fire Magic


You had 6 spell levels left.
You knew the following spells:

 Your Spells              Type           Power      Damage    Failure   Level
a - Foxfire               Conj/Fire      48%        2x1d6     5%          1

Your spell library contained the following spells:

 Spells                   Type           Power      Damage    Failure   Level
 Scorch                   Fire           32%        2d7       5%          2
 Conjure Flame            Conj/Fire      12%        6-21      17%         3
 Inner Flame              Hex/Fire       9%         N/A       22%         3
 Flame Wave               Conj/Fire      12%        2d6       50%         4


Dungeon Overview and Level Annotations

Branches:
Dungeon (1/15)

Altars:


Message History

Found a hand axe.
A rat comes into view.
Your foxfire dissipates!
You see here 6 gold pieces.
The kobold throws a stone.
The stone barely misses you.
A rat comes into view.
Your magical contamination has completely faded away.
You see here a quokka corpse.
Casting: Foxfire (safe; 6% risk of failure)
Press: ? - help, Q - select action Dir - look around, f - activate You conjure some foxfire!
The foxfire hits the kobold but does no damage.
The foxfire hits the kobold.
The kobold is moderately wounded.
There is an open door here.
Casting: Foxfire (safe; 6% risk of failure)
Press: ? - help, Q - select action Dir - look around, f - activate You conjure some foxfire!
The foxfire hits the kobold.
The kobold is heavily wounded.
You barely miss the kobold.
The kobold is heavily wounded.
The foxfire hits the kobold.
You kill the kobold!
There is an open door here.
Things that are here:
a +0 short sword; 4 stones; a kobold corpse
c - a +0 short sword (weapon)
You closely miss the rat. The rat bites you.
You closely miss the rat. The rat barely misses you.
You hit the rat but do no damage. The rat closely misses you.
You barely miss the rat. Your punch misses the rat. The rat closely misses you.
You closely miss the rat. The rat barely misses you.
The rat bites you but does no damage.
You hit the rat.
You kill the rat!
You have reached level 2!
Unknown command.
Magic courses through your body.
Are you sure you want to abandon this character and quit the game? (Confirm with "yes".)

8.#.8 #.#.## 8.#.8# ##.#.##
######8...8##
#8#8#8#...#8#8#8
###...............
#.@.###...<...#
#.#............... ######
#.#8#8#8#...#8#8#8 ##≈≈≈≈##
#.######8...8##
##.≈....###......##.#.##
......≈≈≈≈.......#..#8.#.8#
.§.......######.###.##.#.##
.?.......# #.###.#8.#.8
.........# #..#§.#


There were no monsters in sight!

Vanquished Creatures
  A goblin (D:1)
  A hobgoblin (D:1)
  2 kobolds (D:1)
  A quokka (D:1)
  A frilled lizard (D:1)
  A rat (D:1)
7 creatures vanquished.

Vanquished Creatures (others)
  17 foxfires (D:1)
17 creatures vanquished.

Grand Total: 24 creatures vanquished

Notes
Turn   | Place    | Note
-------+----------+-------------------------------------------
     0 | D:1      | RevDB the Deep Elf Fire Elementalist began the quest for
                  | the Orb.
     0 | D:1      | Reached XP level 1. HP: 10/10 MP: 6/6
    84 | D:1      | Reached XP level 2. HP: 14/15 MP: 1/8
    85 | D:1      | Quit the game

Illustrated notes

Levels and vault maps discovered:
D:1:      heliophobic_arrival_ceremonial_halls, layout_basic,
          chequers_serial_rivers_micro_d

Action                   || total
-------------------------++-------
Melee: Short sword       ||     6
       Unarmed           ||     1
 Cast: Foxfire           ||    10
  Use: Potion            ||     1
Armor: Robe              ||     2
Dodge: Dodged            ||     6

Table legend: (Time is in decaauts)
 A = Elapsed time spent in this place.
 B = Non-inter-level travel time spent in this place.
 C = Inter-level travel time spent in this place.
 D = Time resting spent in this place.
 E = Time spent auto-exploring this place.
 F = Levels seen in this place.
 G = Mean time per level.
                   A        B        C        D        E       F      G
               +--------+--------+--------+--------+--------+-----+--------+
         Total |     85 |     85 |      0 |      0 |      0 |   1 |   85.0 |
       Dungeon |     85 |     85 |      0 |      0 |      0 |   1 |   85.0 |
               +--------+--------+--------+--------+--------+-----+--------+

Top non-repeatable levels by time:
     D:1: 85 daAuts
